 Dungeon Crawl Stone Soup version 0.29.1-12-g30fa7ad0bf (webtiles) character file.

Game seed: 4428128150657687258

907 BiteMe the Magician (level 7, -7/51 HPs)
             Began as a Demigod Fire Elementalist on Jan 3, 2023.
             Engulfed by a cloud of flame (19 damage)
             ... on level 5 of the Dungeon.
             The game lasted 00:45:47 (5333 turns).

BiteMe the Magician (Demigod Fire Elementalist)     Turns: 5333, Time: 00:45:48

Health: -7/51      AC:  1    Str:  9    XL:     7   Next: 51%
Magic:  8/18       EV: 13    Int: 25    God:
Gold:   292        SH:  0    Dex: 14    Spells: 5/16 levels left

rFire   . . .      SeeInvis .   f - +0 long sword
rCold   . . .      Faith    .   (no shield)
rNeg    . . .      Spirit   .   (no body armour)
rPois   .          Reflect  .   k - +0 helmet
rElec   .          Harm     .   (no cloak)
rCorr   .          Rampage  .   (no gloves)
Will    .....                   (no boots)
Stlth   ++........              l - amulet of magic regeneration
HPRegen 0.17/turn               (no ring)
MPRegen 0.56/turn               (no ring)

@: no status effects
A: high MP 1, forlorn, divine attributes
a: no special abilities


You were on level 5 of the Dungeon.
You visited 1 branch of the dungeon, and saw 6 of its levels.

You collected 352 gold pieces.
You spent 60 gold pieces at shops.

Inventory:

Hand Weapons
 f - a +0 long sword (weapon)
 y - a +0 mace of protection
 D - a +2 dagger of distortion
 E - a +0 spear
Missiles
 h - a throwing net
Armour
 a - a +0 robe
 g - a +0 leather armour
 j - a +0 ring mail
 k - a +0 helmet (worn)
 x - a +0 scale mail
 C - the +0 robe of the Merchant {rPois Will+ rCorr}
   (You found it on level 3 of the Dungeon)

   rPois:     It protects you from poison.
   rCorr:     It protects you from acid and corrosion.
   Will:      It increases your willpower.
Jewellery
 l - an amulet of magic regeneration (around neck)
 w - an amulet of reflection
Wands
 v - a wand of mindburst (16)
 z - a wand of flame (15)
Scrolls
 c - a scroll of acquirement {unknown}
 e - 2 scrolls of magic mapping {unknown}
 i - 3 scrolls of enchant weapon
 m - 2 scrolls of immolation
 n - 4 scrolls of amnesia
 o - a scroll of butterflies {unknown}
 p - 2 scrolls of noise {unknown}
 r - 3 scrolls of teleportation
 A - a scroll of vulnerability {unknown}
Potions
 b - 4 potions of magic
 d - 3 potions of curing
 t - a potion of heal wounds {unknown}
 u - a potion of ambrosia {unknown}
 B - a potion of invisibility {unknown}


   Skills:
 + Level 0.5 Fighting
 + Level 1.2 Long Blades
 * Level 3.3 Dodging
 - Level 1.7 Stealth
 * Level 5.4 Spellcasting
 + Level 2.1 Conjurations
 + Level 5.0 Fire Magic


You had 5 spell levels left.
You knew the following spells:

 Your Spells              Type           Power      Damage    Failure   Level
a - Foxfire               Conj/Fire      96%        2x1d8     1%          1
b - Scorch                Fire           64%        2d8       1%          2
c - Conjure Flame         Conj/Fire      24%        6-21      5%          3
d - Inner Flame           Hex/Fire       19%        N/A       9%          3
e - Poisonous Vapours     Pois/Air       12%        N/A       12%         2

Your spell library contained the following spells:

 Spells                   Type           Power      Damage    Failure   Level
 Freeze                   Ice            24%        1d5       8%          1
 Summon Small Mammal      Summ           24%        N/A       8%          1
 Blink                    Tloc           12%        N/A       12%         2
 Stone Arrow              Conj/Erth      24%        3d8       16%         3
 Flame Wave               Conj/Fire      24%        2d8       19%         4
 Call Canine Familiar     Summ           6%         N/A       24%         3
 Frozen Ramparts          Ice            12%        1d2       24%         3
 Lesser Beckoning         Tloc           6%         N/A       24%         3
 Summon Guardian Golem    Hex/Summ       6%         N/A       24%         3
 Hailstorm                Conj/Ice       12%        3d5       45%         4
 Animate Armour           Summ/Erth      12%        N/A       61%         4
 Corpse Rot               Necr/Pois/Air  6%         N/A       61%         4
 Manifold Assault         Tloc           6%         N/A       91%         5
 Lehudib's Crystal Spear  Conj/Erth      6%         10d3      100%        8


Dungeon Overview and Level Annotations

Branches:
Dungeon (6/15)             Temple (0/1) D:4

Shops:
D:1 *


Innate Abilities, Weirdness & Mutations

You have an increased reservoir of magic. (+10% MP)
You shall have no god before yourself.
Your divine heritage dramatically boosts your attributes as you level up.


Message History

The foxfire hits the gnoll.
The gnoll is lightly wounded.
The foxfire hits the gnoll.
The gnoll is moderately wounded.
The gnoll hits you from afar with a +0 spear.
Casting: Foxfire (safe; 1% risk of failure)
Confirm with . or Enter, or press ? or * to list all spells.
You conjure some foxfire!
The gnoll closely misses you.
The foxfire hits the gnoll.
The gnoll is heavily wounded.
The foxfire hits the gnoll.
The gnoll is severely wounded.
Casting: Foxfire (safe; 1% risk of failure)
Confirm with . or Enter, or press ? or * to list all spells.
You conjure some foxfire!
The black bear is no longer more vulnerable to fire.
The foxfire hits the gnoll.
The gnoll is heavily wounded.
The foxfire hits the gnoll.
The gnoll is severely wounded.
The gnoll hits you from afar with a +0 spear.
The gnoll hits you from afar with a +0 spear.
Casting: Foxfire (safe; 1% risk of failure)
Confirm with . or Enter, or press ? or * to list all spells.
The fire begins to smoulder!
The gnoll hits you from afar with a +0 spear.
Casting: Conjure Flame (dangerous; 5% risk of failure)
Confirm with . or Enter, or press ? or * to list all spells.
The fire ignites!
You are engulfed in blazing flames.
The gnoll hits you from afar with a +0 spear.
* * * LOW HITPOINT WARNING * * *
The black bear bites you!
* * * LOW HITPOINT WARNING * * *
The black bear claws you but does no damage.
The black bear claws you.
* * * LOW HITPOINT WARNING * * *
The gnoll hits you from afar with a +0 spear.
* * * LOW HITPOINT WARNING * * *
You feel better.
You are engulfed in blazing flames.
You die...

. ..
#..###
...5#
#gg###
#gh.#
###@#
###.#
#...#
#[### .#!.
##.####
##.#.#
##.....#
#....
###...#.##
##...
##.......#
##..
#..#..#.##


You could see a black bear, 3 gnolls and a white imp.

Vanquished Creatures
  Grinder (D:3)
  A water moccasin (D:5)
  An ogre (D:4)
  The ghost of ctx the Digger, an amateur GnEE (D:3)
  A phantom (D:5)
  An orc priest (D:3)
  A jelly (D:3)
  An orc wizard (D:5)
  Natasha (D:2)
  2 hound zombies (D:3)
  4 gnolls (D:5)
  A river rat (D:3)
  6 adders
  2 white imps (D:5)
  A worm (D:3)
  14 dart slugs
  6 orcs
  8 ball pythons
  8 endoplasms
  3 giant cockroaches
  9 goblins
  5 hobgoblins
  3 jackals (D:2)
  3 quokkas
  8 bats
  A frilled lizard (D:2)
  7 kobolds
  10 rats
110 creatures vanquished.

Vanquished Creatures (collateral kills)
  A foxfire (D:1)
1 creature vanquished.

Vanquished Creatures (others)
  231 foxfires
  A plant (D:1)
232 creatures vanquished.

Grand Total: 343 creatures vanquished

Notes
Turn   | Place    | Note
-------+----------+-------------------------------------------
     0 | D:1      | BiteMe the Demigod Fire Elementalist began the quest for
                  | the Orb.
     0 | D:1      | Reached XP level 1. HP: 14/14 MP: 5/5
    12 | D:1      | Reached skill level 1 in Conjurations
   318 | D:1      | Reached XP level 2. HP: 15/20 MP: 0/7
   525 | D:1      | Learned a level 2 spell: Scorch
  1215 | D:1      | Reached XP level 3. HP: 14/26 MP: 3/9
  1416 | D:1      | Found Ijaur's General Store.
  1949 | D:1      | Bought a scroll of identify for 24 gold pieces
  1949 | D:1      | Bought a potion of curing for 36 gold pieces
  2117 | D:2      | Noticed Natasha
  2119 | D:2      | Killed Natasha
  2201 | D:2      | Reached XP level 4. HP: 33/33 MP: 4/11
  2616 | D:3      | Reached skill level 1 in Long Blades
  2689 | D:3      | Noticed Grinder
  2697 | D:3      | Killed Grinder
  2698 | D:3      | Reached XP level 5. HP: 38/38 MP: 5/13
  2698 | D:3      | Reached XP level 6. HP: 45/45 MP: 5/15
  2708 | D:3      | You fall into a shaft and drop 3 floors!
  2786 | D:5      | Entered Level 5 of the Dungeon
  3261 | D:5      | Noticed a water moccasin
  3264 | D:5      | Killed a water moccasin
  3277 | D:5      | Reached XP level 7. HP: 41/50 MP: 9/17
  3429 | D:3      | Identified the +0 robe of the Merchant {rPois Will+ rCorr}
  3464 | D:3      | Found a runed translucent gate.
  3464 | D:3      | Found a runed translucent gate.
  3464 | D:3      | Found a runed translucent gate.
  3464 | D:3      | Noticed ctx's ghost (amateur GnEE)
  3922 | D:3      | Learned a level 3 spell: Conjure Flame
  3926 | D:3      | Learned a level 3 spell: Inner Flame
  3929 | D:3      | Learned a level 2 spell: Poisonous Vapours
  3938 | D:3      | Reached skill level 5 in Spellcasting
  4051 | D:3      | Killed ctx's ghost
  4052 | D:3      | Reached skill level 5 in Fire Magic
  4824 | D:4      | Found a staircase to the Ecumenical Temple.
  5333 | D:5      | Engulfed by a cloud of flame

Illustrated notes

Levels and vault maps discovered:
D:1:      elethiomel_arrival_quiet, layout_basic,
          dreamdust_ecumenical_altar_grove, serial_shops, shop,
          minmay_crystal_room, minmay_hexomino_c4
D:2:      layout_loops_ring, uniq_natasha
D:3:      layout_basic, nicolae_yredelemnul_ghost_church,
          cheibrodos_sewer_entry_sluice, uniq_grinder
D:4:      layout_loops_corners, kennysheep_mini, minmay_temple_entry_crystal_x
D:5:      kennysheep_slugbush, layout_rooms, bloody_makhleb
D:6:      layout_loops_corners, mainiacjoe_overflow_paths, uniq_blork_the_orc

Skill      XL: |  1  2  3  4  5  6  7 |
---------------+----------------------+-----
Conjurations   | 1 2 |  2.1
Spellcasting   | 2 3 4 5 |  5.4
Dodging        | 2 3 |  3.3
Fire Magic     | 3 4 5 |  5.0
Long Blades    | 1 |  1.2
Fighting       | |  0.5
Stealth        | |  1.7

Action                   |  1- 3 |  4- 6 |  7- 9 || total
-------------------------+-------+-------+-------++-------
Melee: Club              |     2 |       |       ||     2
       Long sword        |    18 |     1 |    11 ||    30
       Punch             |     1 |       |       ||     1
 Cast: Foxfire           |    63 |    37 |    37 ||   137
       Scorch            |    11 |    21 |    25 ||    57
       Conjure Flame     |       |       |     3 ||     3
  Use: Scroll            |     2 |     2 |       ||     4
       Potion            |       |       |     1 ||     1
 Stab: Sleeping          |     1 |     1 |     1 ||     3
Armor: Robe              |    10 |     4 |       ||    14
       Skin              |       |       |     2 ||     2
Dodge: Dodged            |    43 |    11 |    13 ||    67
